 Dungeon Crawl Stone Soup version 0.31-a0-267-g3fc6992b3b (webtiles) character file.

Game seed: 14839998727242073447

169 qw the Shooter (level 5, -7/30 HPs)
             Began as a Gargoyle Hexslinger on July 14, 2023.
             Mangled by an ogre
             ... wielding a +0 giant club
              (19 damage)
             ... on level 4 of the Dungeon.
             The game lasted 00:00:46 (2144 turns).

qw the Shooter (Gargoyle Hexslinger)                Turns: 2144, Time: 00:00:46

Health: -7/30      AC: 10    Str: 12    XL:     5   Next: 50%
Magic:  6/6        EV: 10    Int: 13    God:
Gold:   104        SH:  0    Dex: 14    Spells: 5/6 levels left

rFire   . . .        Y - +1 sling
rCold   . . .        (no shield)
rNeg    + . .        i - +0 ring mail
rPois   inf          (no helmet)
rElec   +            (no cloak)
rCorr   .            d - +0 pair of gloves
SInv    .            (no boots)
Will    .....        (no amulet)
Stlth   +            (no ring)
HPRegen 0.25/turn    (no ring)
MPRegen 0.10/turn

%: no passive effects
@: no status effects
A: sickness immunity, AC +4, negative energy resistance 1, electricity
resistance, torment resistance 1, petrification resistance
a: no special abilities


You were on level 4 of the Dungeon.
You visited 1 branch of the dungeon, and saw 5 of its levels.

You collected 104 gold pieces.


Innate Abilities, Weirdness & Mutations

You are immune to sickness and miasma.
Your stone body is resilient. (AC +4)
You are immune to poison.
You resist negative energy. (rN+)
You are resistant to electric shocks. (rElec)
You are resistant to unholy torment.
You are immune to petrification.


   Skills:
 + Level 2.0 Fighting
 - Level 5.0 Ranged Weapons
 - Level 1.5 Armour
 - Level 1.5 Dodging
 - Level 1.0 Spellcasting
 - Level 2.6 Hexes


You had 5 spell levels left.
You knew the following spells:

 Your Spells              Type           Power      Damage    Failure   Level
a - Slow                  Hex            28%        N/A       21%         1

Your spell library contained the following spells:

 Spells                   Type           Power      Damage    Failure   Level
 Inner Flame              Hex/Fire       4%         N/A       71%         3
 Portal Projectile        Hex/Tloc       8%         N/A       71%         3
 Cause Fear               Hex            3%         N/A       90%         4

Inventory:

Hand Weapons
 Y - a +1 sling (weapon)
Armour
 d - a +0 pair of gloves (worn)
 i - a +0 ring mail (worn)
 k - a +1 pair of boots
Scrolls
 a - a scroll of acquirement {unknown}
 b - 3 scrolls of vulnerability {unknown}
 c - a scroll of noise {unknown}
 f - a scroll of identify
 l - a scroll of immolation {unknown}
Potions
 e - 2 potions of curing {unknown}
 g - a potion of mutation {unknown}
 h - a potion of haste {unknown}
 j - a potion of brilliance {unknown}

Dungeon Overview and Level Annotations

Branches:
Dungeon (5/15)
 Temple: D:4-7

Altars:


Message History

Enter note:
Enter note:
Enter note:
Enter note:
l - a scroll labelled ULARUT XEUNEO
Enter note:
Enter note:
Enter note:
Enter note:
Enter note:
Enter note: A sourceless malevolence fills the Dungeon...
You fall into a shaft and drop 2 floors!
The shaft crumbles and collapses.
An iguana comes into view.
Found a stone staircase leading up.
Waypoint 3 assigned to D:5.
2137 ||| FLEEEEING.
2138 ||| FLEEEEING.
There is a stone staircase leading up here.
2139 ||| STAIRDANCE You climb upwards.
The ogre shouts!
The kobold shouts!
Found a quarterstaff.
There is a stone staircase leading down here.
Waypoint 4 assigned to D:4.
You shoot a sling bullet.
The sling bullet hits the quokka but does no damage.
The quokka closely misses you.
You shoot a sling bullet. The sling bullet hits the ogre.
The ogre is lightly wounded.
The quokka bites you but does no damage.
The ogre hits you with a +0 giant club! The quokka closely misses you.
You shoot a sling bullet. The sling bullet hits the ogre!
The ogre is heavily wounded.
The quokka barely misses you. The ogre hits you with a +0 giant club!
You shoot a sling bullet. The sling bullet hits the ogre!
The ogre is severely wounded.
The quokka barely misses you. The kobold hits you but does no damage.
The ogre hits you with a +0 giant club!!
Ouch! That really hurt!
You die...

##. #.. #.. ..
###.###
#.....# ##
#..#..r..#.).#
......O@K....#
...#.....#.###
#.....#
###.### .. .##
. #


You could see an ogre, a quokka and a kobold.

Vanquished Creatures
  A phantom (D:3)
  4 adders
  3 worms (D:3)
  2 orcs (D:3)
  5 bats
  4 endoplasms
  2 giant cockroaches (D:1)
  3 hobgoblins (D:2)
  2 jackals (D:3)
  5 quokkas
  5 ball pythons
  A frilled lizard (D:1)
  4 goblins
  5 kobolds
  3 rats
49 creatures vanquished.

Notes
Turn   | Place    | Note
-------+----------+-------------------------------------------
     0 | D:1      | qw the Gargoyle Hexslinger began the quest for the Orb.
     0 | D:1      | Reached XP level 1. HP: 12/12 MP: 2/2
     0 | D:1      | 0 ||| qw: Version: 0.3-a-52-g30416fa
     0 | D:1      | 0 ||| qw: Game counter: 7836
     0 | D:1      | 0 ||| qw: Melee chars always use a shield: true
     0 | D:1      | 0 ||| qw: God list: Okawaru
     0 | D:1      | 0 ||| qw: Allow faded altars: false
     0 | D:1      | 0 ||| qw: Do Orc after clearing Dungeon:15 true
     0 | D:1      | 0 ||| qw: Do second Lair branch before Depths: true
     0 | D:1      | 0 ||| qw: Lair rune preference: random
     0 | D:1      | 0 ||| qw: Goals: Normal
     0 | D:1      | 0 ||| PLANNING D:1-11
   237 | D:1      | Reached XP level 2. HP: 16/16 MP: 3/3
   818 | D:1      | Reached skill level 3 in Ranged Weapons
   876 | D:1      | 876 ||| UPGRADING to +0 pair of gloves.
   881 | D:1      | 881 ||| UPGRADING to +0 leather armour.
   891 | D:1      | 891 ||| DROPPING +0 robe.
   892 | D:1      | 892 ||| UPGRADING to +0 ring mail.
   902 | D:1      | 902 ||| DROPPING +0 leather armour.
   903 | D:1      | 903 ||| READING scroll labelled GOAHU DO SIOGH.
   904 | D:1      | 904 ||| READING scroll labelled VID YBEPYCLU.
   908 | D:1      | 908 ||| DROPPING scroll of poison.
   979 | D:2      | Reached XP level 3. HP: 21/21 MP: 4/4
  1246 | D:2      | Reached skill level 1 in Armour
  1582 | D:2      | 1582 ||| READING scroll labelled QAERODDEAH.
  1583 | D:2      | 1583 ||| READING scroll labelled ZOTHRYQ NADU.
  1584 | D:2      | 1584 ||| READING 3 scrolls labelled CUULOR ROIMITO.
  1585 | D:2      | 1585 ||| READING 2 scrolls of identify.
  1585 | D:2      | 1585 ||| IDENTIFYING grey potion
  1586 | D:2      | 1586 ||| DROPPING potion of degeneration.
  1617 | D:3      | HP: 1/21 [worm (7)]
  1618 | D:3      | 1618 ||| READING scroll of teleportation.
  1729 | D:3      | Reached XP level 4. HP: 20/26 MP: 5/5
  1781 | D:3      | Noticed a phantom
  1789 | D:3      | Killed a phantom
  1790 | D:3      | Reached skill level 4 in Ranged Weapons
  1790 | D:3      | Reached XP level 5. HP: 30/30 MP: 6/6
  2021 | D:3      | Reached skill level 5 in Ranged Weapons
  2127 | D:3      | You fall into a shaft and drop 2 floors!
  2127 | D:5      | Entered Level 5 of the Dungeon
  2137 | D:5      | 2137 ||| FLEEEEING.
  2138 | D:5      | 2138 ||| FLEEEEING.
  2139 | D:5      | 2139 ||| STAIRDANCE
  2140 | D:4      | Noticed an ogre
  2144 | D:4      | Mangled by an ogre

Levels and vault maps discovered:
D:1:      dpeg_arrival_chambers_temple_mockup, layout_basic
D:2:      layout_basic
D:3:      layout_loops_ring
D:4:      layout_loops_ring, mainiacjoe_overflow_six_doors_small, st_stairs_3
D:5:      due_chaos_kobolds, layout_cave_pools,
          minmay_temple_entry_drinking_statues, lemuel_flame_loot_1

Skill      XL: |  1  2  3  4  5 |
---------------+----------------+-----
Ranged Weapons | 3 4 5 |  5.0
Fighting       | 2 |  2.0
Armour         | 1 |  1.5
Dodging        | |  1.5
Spellcasting   | |  1.0
Hexes          | |  2.6

Action                     |  1- 3 |  4- 6 || total
---------------------------+-------+-------++-------
   Fire: Sling             |   100 |    67 ||   167
    Use: Scroll            |     7 |       ||     7
 Armour: Robe              |     2 |       ||     2
         Ring mail         |    18 |    17 ||    35
  Dodge: Dodged            |    20 |    24 ||    44

Table legend:
 A = Non-vault XP
 B = Vault XP
 C = Vault XP percentage of total XP
 D = Non-vault monster count
 E = Vault monster count
 F = Vault count percentage of total count
                 A         B        C        D         E       F
            +---------+---------+-------+---------+---------+-------
      Total |     242 |       0 |   0.0 |      49 |       0 |   0.0
            +---------+---------+-------+---------+---------+-------
        D:1 |      20 |       0 |   0.0 |      14 |       0 |   0.0
        D:2 |      50 |       0 |   0.0 |      15 |       0 |   0.0
        D:3 |     172 |       0 |   0.0 |      20 |       0 |   0.0
            +---------+---------+-------+---------+---------+-------
